 Dungeon Crawl Stone Soup version 0.22-a0-565-gfc6459a524 (webtiles) character file.

5173 D1HalberdGnoll the Thaumaturge (level 10, -1/69 HPs)
             Began as a Demonspawn Wizard on June 29, 2018.
             Was a Follower of Hepliaklqana.
             Killed from afar by an electric eel (3 damage)
             ... with a bolt of electricity
             ... on level 9 of the Dungeon.
             The game lasted 00:21:30 (15538 turns).

D1HalberdGnoll the Thaumaturge (Demonspawn Wizard) Turns: 15538, Time: 00:21:31

Health: -1/69      AC:  8    Str:  7    XL:     10   Next: 34%
Magic:  14/22      EV: 14    Int: 24    God:    Hepliaklqana [*.....]
Gold:   381        SH:  0    Dex: 11    Spells: 17/26 levels left

rFire    . . .     SeeInvis .   q - staff of wizardry
rCold    + . .     Gourm    .   (no shield)
rNeg     . . .     Faith    .   p - +1 leather armour {rC+}
rPois    .         Spirit   .   b - +0 hat
rElec    .         Reflect  .   r - +0 cloak
rCorr    .         Harm     .   n - +0 pair of gloves
MR       .....                  (no boots)
Stlth    +.........             (no amulet)
HPRegen  0.21/turn              (no ring)
MPRegen  0.18/turn              (no ring)

@: very slow
A: reduced essence, horns 1, iridescent scales 1, nightstalker 1
a: Recall Ancestor, Ancestor Identity, Renounce Religion


You were on level 9 of the Dungeon.
You worshipped Hepliaklqana.
Hepliaklqana was aware of your devotion.
You were not hungry.

You visited 2 branches of the dungeon, and saw 10 of its levels.

You collected 381 gold pieces.

Inventory:

Hand Weapons
 i - a +1 dagger of electrocution
Missiles
 s - a throwing net (quivered)
Armour
 b - a +0 hat (worn)
 n - a +0 pair of gloves (worn)
 p - a +1 leather armour of cold resistance (worn)
 r - a +0 cloak (worn)
Magical Staves
 q - an uncursed staff of wizardry (weapon)
Wands
 l - a wand of iceblast (2)
Scrolls
 c - 7 scrolls of teleportation {unknown}
 e - 3 scrolls of remove curse {unknown}
 f - 8 scrolls of identify {unknown}
 g - 2 scrolls of fog {unknown}
 h - 2 scrolls of amnesia {unknown}
 j - a scroll of noise {unknown}
 m - 2 scrolls of enchant armour {unknown}
 v - a scroll of magic mapping {unknown}
 x - a scroll of enchant weapon {unknown}
Potions
 a - a potion of berserk rage {unknown}
 k - 5 potions of brilliance {unknown}
 o - a potion of flight {unknown}
 u - 2 potions of might {unknown}
Comestibles
 d - 18 rations
 w - 4 chunks of flesh


   Skills:
 + Level 6.7 Fighting
 + Level 6.5 Dodging
 - Level 1.7 Stealth
 + Level 8.5 Spellcasting
 * Level 8.3 Conjurations
   Level 1.0 Summonings
 - Level 0.8 Translocations


You had 17 spell levels left.
You knew the following spells:

 Your Spells              Type           Power        Failure   Level  Hunger
a - Magic Dart            Conj           ####         1%          1    None
b - Conjure Flame         Conj/Fire      ####....     1%          3    None
c - Mephitic Cloud        Conj/Pois/Air  ###.....     3%          3    None
l - Blink                 Tloc           N/A          4%          2    None

Your spell library contained the following spells:

 Spells                   Type           Power        Failure   Level  Hunger
 Apportation              Tloc           ##....       2%          1    None
 Slow                     Hex            ##......     6%          2    None
 Summon Small Mammal      Summ           ###.         2%          1    None
 Animate Skeleton         Necr           N/A          4%          1    None
 Call Imp                 Summ           ###.....     4%          2    None
 Confusing Touch          Hex            ##....       4%          1    None


Dungeon Overview and Level Annotations

Branches:
Dungeon (9/15)             Temple (1/1) D:6            Lair (0/6) D:8
    Orc (0/2) D:9

Altars:
Ashenzari
Cheibriados
Dithmenos
Elyvilon
Fedhas
Gozag
Hepliaklqana
Kikubaaqudgha
Makhleb
Okawaru
Qazlal
Ru
Sif Muna
Trog
Vehumet
Wu Jian
Xom
Yredelemnul
The Shining One
Beogh

Annotations:
D:2 exclusion: 2 downstairs
D:3 3 runed doors, Fandomethor's ghost, amateur MfGl
D:4 1 runed door
D:6 3 runed doors, afd's ghost, novice GrFE; strelocc's ghost, novice MiBe


Innate Abilities, Weirdness & Mutations

You have a pair of small horns on your head.
You are partially covered in iridescent scales. (AC +2)
You are slightly more attuned to the shadows.
Your life essence is reduced to manifest your ancestor. (-10% HP)


Message History

Aim: a gnoll shaman, wielding a club and wearing a leather armour (almost dead)
The magic dart hits the gnoll shaman.
You kill the gnoll shaman!
Okay, then.
You feel better.
The electric eel shoots out a bolt of lightning at you!
The bolt of electricity hits you!
* * * LOW HITPOINT WARNING * * *
The electric eel shoots out a bolt of lightning at you!
The bolt of electricity misses you.
You enter the shallow water.
Moving in this stuff is going to be slow.
You enter the shallow water.
Moving in this stuff is going to be slow.
The electric eel shoots out a bolt of lightning at you!
The bolt of electricity hits you!
* * * LOW HITPOINT WARNING * * *
The electric eel shoots out a bolt of lightning at you!
The bolt of electricity hits you!
You die...

.≈.....≈..# ...≈.≈.≈.≈.##
.≈.≈.≈.≈.......≈>..#
≈.≈.≈.;.≈.≈.≈.≈.≈..## ...
...............≈.≈..###...
≈.≈.≈.≈.≈.≈.≈.≈.≈.#.#.....
...≈.≈.≈.≈.≈.≈.≈.≈#.#.....
≈.≈.≈)≈.≈.≈.≈.≈.≈.#.#.....
...≈.≈.≈.@.≈.≈.≈.≈#.......
;.≈.≈.≈.≈.≈.≈.≈.≈.##.##...
...≈.≈.≈.≈.≈.≈.≈.≈##..#...
≈.≈.≈.≈.≈.≈.≈.≈.≈.###.#...
...≈.≈.≈.≈.≈.≈.≈.≈# #.....
#.################# ##....
#. #...# #.... ##..#


You could see an electric eel.

Vanquished Creatures
  Pikel (D:6)
  Psyche (D:8)
  Grinder (D:4)
  Prince Ribbit (D:5)
  A hippogriff (D:8)
  Sigmund (D:3)
  A hornet zombie (D:7)
  A slave (D:6)
  2 orc warriors (D:8)
  An ice beast (D:6)
  A phantom (D:8)
  2 ogres (D:7)
  A necrophage (D:8)
  3 centaurs
  A crocodile (D:8)
  2 bullfrogs
  2 scorpions
  3 wights (D:7)
  An electric eel (D:9)
  2 crimson imps
  A bullfrog skeleton (D:3)
  A gnoll shaman (D:9)
  3 hounds
  8 orc priests
  A centaur skeleton (D:7)
  10 orc wizards
  Terence (D:3)
  An iguana (D:7)
  3 worker ants
  A hound zombie (D:6)
  2 hound skeletons
  A worker ant zombie (D:6)
  4 gnolls
  7 adders
  A shadow imp (D:5)
  3 oozes
  A worm (D:3)
  4 adder skeletons
  2 dart slugs
  3 leopard geckos
  42 orcs
  10 giant cockroaches
  14 goblins
  10 hobgoblins
  11 jackals
  8 kobolds
  3 bats
  10 frilled lizards
  A goblin zombie (D:4)
  2 kobold skeletons (D:4)
  A leopard gecko skeleton (D:7)
  A leopard gecko zombie (D:8)
  2 quokka skeletons
  A quokka zombie (D:5)
  3 rats
206 creatures vanquished.

Vanquished Creatures (collateral kills)
  3 orc warriors (D:9)
  A sky beast (D:8)
  A black bear (D:8)
  An eye of draining (D:8)
  2 bullfrogs
  A scorpion (D:8)
  An electric eel (D:9)
  2 wights (D:7)
  A bullfrog skeleton (D:9)
  2 orc priests
  A centaur skeleton (D:8)
  2 orc wizards
  A worker ant (D:7)
  3 gnolls
  2 adders
  7 orcs
  A quokka skeleton (D:7)
32 creatures vanquished.

Vanquished Creatures (others)
  A bullfrog (D:6)
  A crimson imp (D:6)
  6 ancestors
  An adder (D:6)
  A shadow imp (D:9)
  16 fungi (D:8)
  4 plants (D:8)
  6 withered plants (D:6)
36 creatures vanquished.

Grand Total: 274 creatures vanquished

Notes
Turn   | Place    | Note
-------+----------+-------------------------------------------
     0 | D:1      | D1HalberdGnoll the Demonspawn Wizard began the quest for the Orb.
     0 | D:1      | Reached XP level 1. HP: 13/13 MP: 4/4
   427 | D:1      | Gained mutation: You have a pair of small horns on your head. [demonic ancestry]
   427 | D:1      | Reached XP level 2. HP: 20/20 MP: 1/6
   785 | D:1      | Learned a level 2 spell: Blink
  1175 | D:1      | Reached skill level 1 in Fighting
  1228 | D:1      | Reached XP level 3. HP: 26/26 MP: 5/7
  2665 | D:2      | Reached XP level 4. HP: 32/32 MP: 3/9
  2735 | D:2      | Found a faded altar of an unknown god.
  3204 | D:2      | Learned a level 3 spell: Conjure Flame
  3208 | D:2      | Learned a level 3 spell: Mephitic Cloud
  3233 | D:2      | Found an ornate altar of the Wu Jian Council.
  3333 | D:3      | Noticed Sigmund
  3713 | D:3      | HP: 1/32 [something (6)]
  4155 | D:3      | Reached XP level 5. HP: 38/38 MP: 8/10
  4395 | D:3      | Found a runed gate.
  4395 | D:3      | Found a runed gate.
  4396 | D:3      | Found a runed gate.
  4419 | D:3      | Noticed Terence
  4442 | D:3      | Killed Terence
  4833 | D:3      | Killed Sigmund
  4833 | D:3      | Reached XP level 6. HP: 46/46 MP: 1/12
  6021 | D:3      | Noticed Fandomethor's ghost (amateur MfGl)
  6490 | D:4      | Reached XP level 7. HP: 20/52 MP: 0/13
  7051 | D:4      | Found a runed door.
  7051 | D:4      | Noticed a human
  7061 | D:4      | Found a basalt altar of Yredelemnul.
  7105 | D:4      | Found an opulent altar of Gozag.
  7393 | D:4      | Found a blossoming altar of Fedhas.
  7472 | D:4      | Noticed Grinder
  7489 | D:4      | Killed Grinder
  7489 | D:4      | Reached skill level 5 in Spellcasting
  7489 | D:4      | Reached skill level 5 in Conjurations
  8059 | D:5      | Entered Level 5 of the Dungeon
  8251 | D:5      | Noticed Prince Ribbit
  8482 | D:5      | Found a radiant altar of Vehumet.
  8528 | D:5      | Found a glowing golden altar of the Shining One.
  8530 | D:5      | Noticed an angel
  8675 | D:5      | Found a basalt altar of Yredelemnul.
  8850 | D:5      | Killed Prince Ribbit
  8850 | D:5      | Gained mutation: You are partially covered in iridescent scales. (AC +2) [demonic ancestry]
  8850 | D:5      | Reached XP level 8. HP: 60/60 MP: 5/16
  9610 | D:6      | Noticed Pikel
  9642 | D:6      | Killed Pikel
  9642 | D:6      | Reached skill level 5 in Dodging
  9866 | D:6      | Found a staircase to the Ecumenical Temple.
  9967 | D:6      | Found a runed gate.
  9967 | D:6      | Found a runed gate.
  9967 | D:6      | Found a runed gate.
  9967 | D:6      | Noticed strelocc's ghost (novice MiBe)
 10106 | D:6      | Reached skill level 5 in Fighting
 10106 | D:6      | Reached XP level 9. HP: 51/68 MP: 7/19
 10500 | D:6      | Found a hazy altar of Hepliaklqana.
 10503 | D:6      | Found a stormy altar of Qazlal.
 10506 | D:6      | Found a sacrificial altar of Ru.
 10853 | D:6      | Noticed afd's ghost (novice GrFE)
 11495 | D:6      | Became a worshipper of Hepliaklqana the Forgotten
 12146 | D:7      | Found an ancient bone altar of Kikubaaqudgha.
 12496 | Temple   | Entered the Ecumenical Temple
 13694 | D:8      | Reached * piety under Hepliaklqana
 13908 | D:8      | Gained mutation: You are slightly more attuned to the shadows. [demonic ancestry]
 13908 | D:8      | Reached XP level 10. HP: 68/68 MP: 9/22
 14127 | D:8      | Noticed Psyche
 14153 | D:8      | Killed Psyche
 14270 | D:8      | Found a staircase to the Lair.
 15308 | D:9      | Found a roughly hewn altar of Beogh.
 15308 | D:9      | Found a staircase to the Orcish Mines.
 15538 | D:9      | HP: 2/69 [electric eel/bolt of electricity (10)]
 15538 | D:9      | Killed from afar by an electric eel

Vault maps used:
D:1:      dpeg_arrival_arbitrary_c, minmay_surrounded
D:2:      kennysheep_the_goblin_king, nicolae_overflow_crystal_walls,
          chequers_ecumenical_altar_simple_redux
D:3:      first_ration, ebering_ghost_rock_garden, uniq_terence, uniq_sigmund
D:4:      old_standard_altar, old_standard_altar, dk_yredelemnul_ordeal,
          uniq_grinder
D:5:      grunt_temple_overflow_holy_war, overflow_temple_1_default,
          uniq_prince_ribbit1
D:6:      grunt_temple_overflow_diamond, minmay_temple_entry_from_below_a,
          gammafunk_ghost_cemetery, minmay_misc_feat_tiny, uniq_pikel
D:7:      lemuel_crystal_altar, grunt_ogre_cave, grunt_ministairs_10
D:8:      grunt_lair_entry_orc_guard_hut, uniq_psyche
D:9:      gammafunk_temple_overflow_forgotten, david_orc_5, uniq_maurice
Temple:   nicolae_temple_figure_zero

Skill      XL: |  1  2  3  4  5  6  7  8  9 10 |
---------------+-------------------------------+-----
Dodging        | 2 3 4 5 6 |  6.5
Fighting       | 1 2 3 4 5 6 |  6.7
Conjurations   | 2 3 4 5 6 7 8 |  8.3
Spellcasting   | 4 5 6 8 |  8.5
Stealth        | |  1.7
Summonings     | |  1.0
Translocations | |  0.8

Action                   |  1- 3 |  4- 6 |  7- 9 | 10-12 || total
-------------------------+-------+-------+-------+-------++-------
Melee: Unarmed           |    12 |       |       |       ||    12
       Dagger            |    55 |    43 |    47 |       ||   145
       Headbutt          |     6 |     8 |    13 |       ||    27
       Staff             |       |       |    56 |     9 ||    65
 Cast: Magic Dart        |   102 |   169 |   389 |   159 ||   819
       Mephitic Cloud    |       |     5 |    15 |     8 ||    28
       Conjure Flame     |       |     2 |     1 |     1 ||     4
Invok: Recall Ancestor   |       |       |     1 |       ||     1
       Ancestor Identity |       |       |     1 |       ||     1
Evoke: Wand              |       |       |     1 |     2 ||     3
  Use: Potion            |       |     3 |     2 |     1 ||     6
       Scroll            |       |     1 |       |       ||     1
 Stab: Distracted        |       |       |       |     1 ||     1
  Eat: Chunk             |     4 |     5 |     7 |     5 ||    21
       Ration            |       |     2 |     5 |       ||     7
Armor: Robe              |    15 |     4 |       |       ||    19
       Leather armour    |       |       |    70 |    16 ||    86
Dodge: Dodged            |    62 |    42 |   173 |    62 ||   339

Table legend:
 A = Spawn XP
 B = Non-spawn XP
 C = Spawn XP percentage of total XP
 D = Spawn monster count
 E = Non-spawn monster count
 F = Spawn count percentage of total count
 G = Total turns spent on level
                    A         B        C        D         E        F      G
               +---------+---------+-------+---------+---------+-------+---------
         Total |       0 |    7391 |   0.0 |       0 |     238 |   0.0 | 15538
               +---------+---------+-------+---------+---------+-------+---------
           D:1 |       0 |      72 |   0.0 |       0 |      32 |   0.0 |  2467
           D:2 |       0 |      59 |   0.0 |       0 |      24 |   0.0 |  1477
           D:3 |       0 |     581 |   0.0 |       0 |      39 |   0.0 |  2672
           D:4 |       0 |     554 |   0.0 |       0 |      23 |   0.0 |  1443
           D:5 |       0 |     421 |   0.0 |       0 |       7 |   0.0 |   885
           D:6 |       0 |    1372 |   0.0 |       0 |      25 |   0.0 |  2931
           D:7 |       0 |    1188 |   0.0 |       0 |      26 |   0.0 |  1026
           D:8 |       0 |    2192 |   0.0 |       0 |      27 |   0.0 |  1577
           D:9 |       0 |     952 |   0.0 |       0 |      35 |   0.0 |   692
               +---------+---------+-------+---------+---------+-------+---------
